 Dungeon Crawl Stone Soup version 0.32-a0-630-g46d191b0ed (webtiles) character file.

Game seed: 3775976824886429935

3460 mopl the Martial Artist (level 10, -2/66 HPs)
             Began as an Octopode Shapeshifter on Mar 6, 2024.
             Was a Priest of Uskayaw.
             Slain by Joseph
             ... wielding a +0 quarterstaff
              (17 damage)
             ... on level 8 of the Dungeon.
             The game lasted 00:07:27 (6267 turns).

mopl the Martial Artist (Octopode Shapeshifter)     Turns: 6267, Time: 00:07:28

Health: -2/66      AC:  1    Str: 14    XL:     10   Next: 6%
Magic:  11/11      EV: 16    Int: 12    God:    Uskayaw [***...]
Gold:   345        SH:  0    Dex: 16    Spells: 7/9 levels left

rFire   . .          .
                       - Unarmed
rCold   . . .        (no shield)
rNeg    + . .        (helmet currently unavailable)
rPois   .            m - amulet of regeneration
rElec   .            z - ring of positive energy
rCorr   .            (no ring)
SInv    .            (no ring)
Will    .....        (no ring)
Stlth   ++           (no ring)
HPRegen 1.11/turn    (no ring)
MPRegen 0.12/turn    (no ring)
                     (no ring)

%: no passive effects
@: beast-form
A: beast (slay +4), almost no armour, amphibious, 8 rings, camouflage 1,
gelatinous body 1, (nimble swimmer 1), tentacles
a: Begin Untransformation, Renounce Religion, Stomp, Line Pass


You were on level 8 of the Dungeon.
You worshipped Uskayaw.
Uskayaw was noncommittal.
You were a hulking beast.
You visited 2 branches of the dungeon, and saw 9 of its levels.

You collected 345 gold pieces.

Inventory:

Hand Weapons
 q - the +1 hand axe "Ushaimip" {antimagic, rF+ Str+3 SInv}
   (You took it off a hobgoblin on level 4 of the Dungeon)

   Str+3:     It affects your strength (+3).
   rF+:       It protects you from fire.
   SInv:      It lets you see invisible.
 v - a +0 orcbow
Missiles
 l - 26 poisoned darts (quivered)
 C - a curare-tipped dart
 E - a boomerang
Armour
 x - a +1 kite shield
Jewellery
 k - a ring of ice
 m - an amulet of regeneration (around mantle)
 p - a ring of fire
 z - a ring of positive energy (left tentacle)
Talismans
 b - a beast talisman (active)
 c - a flux talisman
Wands
 A - a wand of warping (21)
 D - a wand of polymorph (12)
Scrolls
 d - 3 scrolls of immolation
 g - 3 scrolls of identify {unknown}
 h - 2 scrolls of teleportation {unknown}
 j - 2 scrolls of noise {unknown}
 n - 3 scrolls of enchant armour
 s - 2 scrolls of revelation {unknown}
 u - a scroll of fear {unknown}
 w - a scroll of fog {unknown}
 y - a scroll of poison {unknown}
Potions
 a - 4 potions of lignification {!q}
 e - a potion of brilliance {unknown}
 f - 2 potions of attraction {unknown}
 i - 6 potions of curing {unknown}
 o - 3 potions of heal wounds {unknown}
 r - a potion of cancellation {unknown}
 t - 2 potions of degeneration {unknown}
 B - a potion of ambrosia {unknown}


   Skills:
 + Level 5.5 Fighting
 + Level 5.8 Dodging
 * Level 8.6 Unarmed Combat
 + Level 2.3 Invocations
 * Level 7.9 Shapeshifting


You had 7 spell levels left.
You knew the following spells:

 Your Spells              Type           Power      Damage    Failure   Level
e - Blink                 Tloc           0%         N/A       45%         2

Your spell library contained the following spells:

 Spells                   Type           Power      Damage    Failure   Level
 Magic Dart               Conj           0%         1d3       32%         1
 Call Imp                 Summ           0%         N/A       45%         2
 Static Discharge         Conj/Air       0%         3-3/arc   45%         2
 Sublimation of Blood     Necr           0%         N/A       45%         2
 Airstrike                Air            0%         2d(0-16)  97%         4
 Summon Lightning Spire   Summ/Air       0%         N/A       97%         4
 Lee's Rapid Deconstruct  Erth           0%         3d4*      100%        5
 Summon Hydra             Summ           0%         N/A       100%        7
 Animate Armour           Summ/Erth      Unusable   N/A       N/A         4

Dungeon Overview and Level Annotations

Branches:
Dungeon (8/15)             Temple (1/1) D:7
   Lair: D:8-11

Altars:
Ashenzari
Cheibriados
Dithmenos
Elyvilon
Fedhas
Gozag
Hepliaklqana
Kikubaaqudgha
Makhleb
Nemelex Xobeh
Okawaru
Qazlal
Ru
Sif Muna
Trog
Uskayaw
Vehumet
Wu Jian
Xom
Yredelemnul
Zin
The Shining One

Annotations:
D:8 Joseph


Innate Abilities, Weirdness & Mutations

You are a hulking beast.
Your limbs bulge with bestial killing power. (Slay +4)
You cannot wear most types of armour.
You are amphibious.
You can wear up to eight rings at the same time.
Your skin changes colour to match your surroundings (Stealth+).
Your rubbery body absorbs attacks. (AC +1, EV +1)
((You are camouflaged when in or above water. (Stealth+)))
You have tentacles for arms and can constrict up to eight enemies at once.


Message History

No target in view!
No target in view!
Items here: )) [[.
Things that are here:
a +6 hand axe; a +0 robe
Items here: )) [[.
Items here: )) [[.
An orc comes into view. It is wielding a +0 hand axe.
The orc shouts!
An orc is nearby!
Joseph, a Mercenary comes into view.
He is wielding a +0 quarterstaff and carrying a wand of flame.
Joseph shouts!
The orc closely misses you.
Joseph unwields a +0 quarterstaff.
Joseph wields a +0 sling.
Joseph shoots a sling bullet.
The sling bullet hits you!!
You tentacle-slap the orc. You grab the orc. You squeeze the orc.
You kill the orc!
Joseph zaps a wand.
The puff of flame hits you!
You tentacle-slap Joseph but do no damage.
You grab Joseph. You squeeze Joseph!
Joseph is lightly wounded.
You constrict Joseph. You tentacle-slap Joseph. You squeeze Joseph.
Joseph is moderately wounded.
You constrict Joseph.
Joseph unwields a +0 sling.
Joseph wields a +0 quarterstaff.
Joseph hits you with a +0 quarterstaff!
You can now pass through a line of other dancers.
You are too injured to fight recklessly!
You are too injured to fight recklessly!
You are too injured to fight recklessly!
You bludgeon Joseph!
Joseph is severely wounded.
You constrict Joseph. Joseph hits you with a +0 quarterstaff!
* * * LOW HITPOINT WARNING * * *
Uskayaw will force your foes to helplessly watch your dance.
You tentacle-slap Joseph. You squeeze Joseph, but do no damage.
Joseph is severely wounded.
You constrict Joseph, but do no damage. Joseph hits you with a +0 quarterstaff!
You die...
Your body falls in perfect tune with the rhythm.

.........##.##
##..
........####.##
##....
........# #..#
#......
......###
##.###.......
#######
##.#........
#..........
##.#.......
##........
#h)......
##@......
......# .....##
.....# ..#....
....### ... #


You could see Joseph.

Vanquished Creatures
  A wyvern (D:5)
  A water moccasin (D:5)
  Duvessa (D:6)
  2 ice beasts
  An orc warrior (D:7)
  A sky beast (D:5)
  3 black bears
  An ogre (D:6)
  2 centaurs (D:5)
  2 phantoms
  A kobold brigand (D:7)
  2 bullfrogs
  A gnoll sergeant (D:7)
  3 scorpions
  15 wights
  Dowan (D:6)
  A howler monkey (D:7)
  A bombardier beetle (D:4)
  An electric eel (D:7)
  A hound (D:5)
  Crazy Yiuf (D:2)
  3 orc priests
  Jessica (D:2)
  6 orc wizards
  4 iguanas
  10 gnolls
  4 adders
  A shadow imp (D:5)
  2 white imps (D:7)
  4 ufetubi (D:6)
  6 dart slugs
  A ribbon worm (D:3)
  21 orcs
  5 bats
  6 endoplasms
  A giant cockroach (D:4)
  8 goblins
  9 hobgoblins
  9 jackals
  3 quokkas
  5 ball pythons
  10 kobolds
  10 rats
172 creatures vanquished.

Notes
Turn   | Place    | Note
-------+----------+-------------------------------------------
     0 | D:1      | mopl the Octopode Shapeshifter began the quest for the Orb.
     0 | D:1      | Reached XP level 1. HP: 13/13 MP: 1/1
   223 | D:1      | Reached XP level 2. HP: 16/18 MP: 2/2
   679 | D:1      | Reached XP level 3. HP: 15/23 MP: 3/3
   682 | D:1      | Learned a level 2 spell: Blink
  1039 | D:2      | Identified the +2 robe of the Depths {rN+ Slay+6}
  1166 | D:2      | Noticed Jessica
  1172 | D:2      | Killed Jessica
  1173 | D:2      | Reached XP level 4. HP: 18/29 MP: 4/4
  1220 | D:2      | Found an opulent altar of Gozag.
  1288 | D:2      | Found a runed translucent door.
  1289 | D:2      | Noticed Crazy Yiuf
  1580 | D:2      | Killed Crazy Yiuf
  1581 | D:2      | Reached skill level 2 in Fighting
  1581 | D:2      | Reached skill level 4 in Unarmed Combat
  1581 | D:2      | Reached XP level 5. HP: 34/34 MP: 5/5
  1778 | D:3      | Reached skill level 4 in Shapeshifting
  1897 | D:3      | Noticed a black bear
  1903 | D:3      | Killed a black bear
  1904 | D:3      | Reached skill level 3 in Dodging
  1904 | D:3      | Reached XP level 6. HP: 23/41 MP: 6/6
  2125 | D:3      | Found a faded altar of an unknown god.
  2655 | D:4      | Noticed a black bear
  2660 | D:4      | Killed a black bear
  2692 | D:4      | Identified the +1 hand axe "Ushaimip" {antimagic, rF+ Str+3
                  | SInv}
  2724 | D:4      | Reached skill level 5 in Unarmed Combat
  2756 | D:4      | Reached XP level 7. HP: 45/45 MP: 7/7
  2894 | D:4      | Reached skill level 3 in Fighting
  2894 | D:4      | Reached skill level 5 in Shapeshifting
  3238 | D:5      | Entered Level 5 of the Dungeon
  3334 | D:5      | Reached XP level 8. HP: 39/52 MP: 8/8
  3353 | D:5      | Reached skill level 4 in Dodging
  3353 | D:5      | Reached skill level 6 in Unarmed Combat
  3535 | D:5      | Reached skill level 6 in Shapeshifting
  3580 | D:5      | Reached skill level 4 in Fighting
  3723 | D:5      | Noticed a wyvern
  3731 | D:5      | Killed a wyvern
  3732 | D:5      | Reached skill level 7 in Unarmed Combat
  3823 | D:5      | Reached XP level 9. HP: 59/59 MP: 9/9
  4408 | D:6      | Noticed Duvessa
  4408 | D:6      | Noticed Dowan
  4414 | D:6      | Killed Duvessa
  4415 | D:6      | Reached skill level 5 in Dodging
  4418 | D:6      | Killed Dowan
  4419 | D:6      | Reached skill level 7 in Shapeshifting
  4514 | D:6      | Found a bloodstained altar of Trog.
  4686 | D:6      | Found a glowing silver altar of Zin.
  5147 | D:7      | Found a staircase to the Ecumenical Temple.
  5185 | Temple   | Entered the Ecumenical Temple
  5200 | Temple   | Became a worshipper of Uskayaw the Reveller
  5252 | D:7      | Reached * piety under Uskayaw
  5280 | D:7      | Reached ** piety under Uskayaw
  5284 | D:7      | Reached *** piety under Uskayaw
  5332 | D:7      | Reached skill level 8 in Unarmed Combat
  5404 | D:7      | Reached skill level 5 in Fighting
  5508 | D:7      | Reached skill level 1 in Invocations
  6127 | D:7      | Found a snail-covered altar of Cheibriados.
  6127 | D:7      | Found a shimmering blue altar of Sif Muna.
  6175 | D:8      | Reached skill level 2 in Invocations
  6234 | D:8      | Reached XP level 10. HP: 63/66 MP: 11/11
  6238 | D:8      | Reached **** piety under Uskayaw
  6240 | D:8      | Reached ***** piety under Uskayaw
  6260 | D:8      | Noticed Joseph
  6267 | D:8      | Slain by Joseph

Illustrated notes

Levels and vault maps discovered:
D:1:      eino_arrival_cavern_a, layout_basic, serial_curves, eino_curves_02,
          eino_curves_02, minmay_statues_item
D:2:      layout_loops_ring, basic_altar, uniq_jessica, uniq_crazy_yiuf_cottage
D:3:      layout_basic, shapermc_ecumenical_altar_mp_vishouse
D:4:      layout_loops_ring, kennysheep_generic_room_5
D:5:      layout_cave_pods, minmay_manual_mandibuliform
D:6:      layout_loops_ring, mainiacjoe_overflow_tiny_flanked,
          mainiacjoe_overflow_surrounded_room, minivault_5,
          nicolae_hexahallways, uniq_duvessa
D:7:      layout_loops_corners, gammafunk_temple_overflow_wave,
          minmay_temple_entry_wispy, lightli_minifort
D:8:      layout_cave_pods, uniq_joseph
Temple:   regret_index_temple_chain_breaker

Skill      XL: |  1  2  3  4  5  6  7  8  9 |
---------------+----------------------------+-----
Fighting       | 2 3 4 5 |  5.5
Unarmed Combat | 4 5 7 8 |  8.6
Shapeshifting  | 4 5 6 7 |  7.9
Dodging        | 3 4 5 |  5.8
Invocations    | 2 |  2.3

Action                     |  1- 3 |  4- 6 |  7- 9 | 10-12 || total
---------------------------+-------+-------+-------+-------++-------
  Melee: Unarmed           |    61 |    63 |   210 |    13 ||   347
         Tentacles         |    15 |    11 |    54 |     8 ||    88
         Constrict         |    19 |    19 |    55 |     6 ||    99
         Punch             |       |     1 |    15 |     1 ||    17
    Use: Scroll            |       |       |     2 |       ||     2
   Stab: Sleeping          |    11 |     2 |    12 |       ||    25
         Distracted        |       |     1 |       |       ||     1
         Paralysed         |       |       |     6 |     1 ||     7
 Armour: Skin              |    13 |    34 |    77 |     5 ||   129
  Dodge: Dodged            |    32 |    31 |    99 |     6 ||   168

Table legend: (Time is in decaauts)
 A = Elapsed time spent in this place.
 B = Non-inter-level travel time spent in this place.
 C = Inter-level travel time spent in this place.
 D = Time resting spent in this place.
 E = Time spent auto-exploring this place.
 F = Levels seen in this place.
 G = Mean time per level.
                   A        B        C        D        E       F      G
               +--------+--------+--------+--------+--------+-----+--------+
         Total |   6228 |   5956 |    272 |    105 |   4754 |   9 |  692.0 |
       Dungeon |   6197 |   5940 |    257 |    105 |   4754 |   8 |  774.6 |
        Temple |     30 |     15 |     15 |      0 |      0 |   1 |   30.0 |
               +--------+--------+--------+--------+--------+-----+--------+

Top non-repeatable levels by time:
     D:6: 1000 daAuts
     D:7: 988 daAuts
     D:1: 912 daAuts
     D:3: 885 daAuts
     D:5: 836 daAuts
     D:2: 800 daAuts
     D:4: 655 daAuts
     D:8: 118 daAuts
  Temple: 30 daAuts
